 Dungeon Crawl Stone Soup version 0.31.0-12-g77e489cdc1 (webtiles) character file.

Game seed: 17312034668028630806

1175 cdecastro the Changeling (level 8, -2/63 HPs)
             Began as a Grey Draconian Shapeshifter on Mar 4, 2024.
             Was a Believer of Dithmenos.
             Killed from afar by a steam dragon (4 damage)
             ... with a ball of steam
             ... on level 6 of the Dungeon.
             The game lasted 00:07:19 (4462 turns).

cdecastro the Changeling (DrSh)                     Turns: 4462, Time: 00:07:20

Health: -2/63      AC: 15    Str: 16    XL:     8   Next: 18%
Magic:  8/8        EV: 12    Int: 11    God:    Dithmenos [**....]
Gold:   185        SH:  0    Dex: 13    Spells: 7/7 levels left

rFire   . . .        l - +0 dagger (venom)
rCold   . . .        (no shield)
rNeg    . . .        (body armour unavailable)
rPois   .            (helmet currently unavailable)
rElec   .            (cloak currently unavailable)
rCorr   .            (gloves currently unavailable)
SInv    .            (boots currently unavailable)
Will    .....        (no amulet)
Stlth   +            j - +4 ring of protection
HPRegen 0.30/turn    (no ring)
MPRegen 0.11/turn

%: no passive effects
@: confused, beast-form, wreathed by umbra, studying Unarmed Combat
A: beast (slay +4), AC +11, amphibious, unfitting armour, cold-blooded
a: Begin Untransformation, Renounce Religion, Shadow Step


You were on level 6 of the Dungeon.
You worshipped Dithmenos.
Dithmenos was pleased with you.
You were a hulking beast.
You visited 1 branch of the dungeon, and saw 6 of its levels.

You collected 185 gold pieces.

Inventory:

Hand Weapons
 l - a +0 dagger of venom (weapon)
 n - a +0 scimitar
Missiles
 h - 2 javelins (quivered)
Armour
 e - a +2 hat
 k - a +0 pair of boots
 q - a +0 pair of gloves
Jewellery
 j - a +4 ring of protection (left hand)
Talismans
 b - a beast talisman
 c - a flux talisman
 g - a maw talisman
Wands
 y - a wand of iceblast (8)
Scrolls
 d - 7 scrolls of identify {unknown}
 f - 2 scrolls of fog {unknown}
 i - a scroll of noise {unknown}
 o - a scroll of silence {unknown}
 s - 3 scrolls of vulnerability {unknown}
 u - a scroll of teleportation {unknown}
 w - a scroll of enchant armour {unknown}
 x - a scroll of blinking {unknown}
Potions
 m - 4 potions of curing
 p - 3 potions of heal wounds {unknown}
 r - a potion of might {unknown}
 t - 3 potions of brilliance {unknown}
 v - a potion of mutation {unknown}


   Skills:
 + Level 3.5 Fighting
 - Level 4.2 Long Blades
 - Level 1.7 Dodging
 - Level 3.2 Unarmed Combat
 * Level 7.9 Shapeshifting


You had 7 spell levels left.
You didn't know any spells.
Your spell library contained the following spells:

 Spells                   Type           Power      Damage    Failure   Level
 Freeze                   Ice            0%         1d3       34%         1
 Sandblast                Erth           0%         2d4       34%         1
 Slow                     Hex            0%         N/A       34%         1
 Ensorcelled Hibernation  Hex/Ice        0%         N/A       47%         2
 Confusing Touch          Hex            0%         N/A       71%         3
 Frozen Ramparts          Ice            0%         1d1       71%         3
 Hailstorm                Conj/Ice       0%         3d5       71%         3
 Passwall                 Erth           0%         N/A       71%         3
 Sigil of Binding         Hex            0%         N/A       71%         3
 Stone Arrow              Conj/Erth      0%         3d7       71%         3
 Swiftness                Air            0%         N/A       71%         3
 Vampiric Draining        Necr           0%         2d6       71%         3
 Brom's Barrelling Bould  Conj/Erth      0%         2d3       98%         4


Dungeon Overview and Level Annotations

Branches:
Dungeon (6/15)
 Temple: D:4-7

Altars:
Dithmenos
Gozag
Makhleb
Nemelex Xobeh
Ru
Wu Jian
Xom
Zin


Innate Abilities, Weirdness & Mutations

You are a hulking beast.
Your limbs bulge with bestial killing power. (Slay +4)
Your dull iron-grey scales are very hard. (AC +11)
You are amphibious.
You cannot fit into any form of body armour.
You are cold-blooded and may be slowed by cold attacks.


Message History

The water moccasin closely misses you.
The orc wizard hits you but does no damage.
Unknown command.
You hit the steam dragon.
The steam dragon is poisoned.
You tail-slap the steam dragon.
The steam dragon is moderately wounded.
You kill the orc!
Dithmenos accepts your kill. The water moccasin bites you!
* * * LOW HITPOINT WARNING * * *
The orc wizard casts a spell at you.
You are confused.
You barely miss the steam dragon.
The steam dragon is moderately wounded.
The water moccasin bites you.
* * * LOW HITPOINT WARNING * * *
The orc wizard hits you but does no damage.
The steam dragon closely misses you. The steam dragon barely misses you.
Unknown command.
You barely miss the steam dragon.
Your tail-slap misses the steam dragon.
The steam dragon is moderately wounded.
The water moccasin barely misses you. The water moccasin misses you.
Unknown command.
You barely miss the orc wizard.
The orc wizard is heavily wounded.
The steam dragon bites you but does no damage.
The steam dragon closely misses you.
The orc priest invokes the aid of Beogh against you.
Beogh smites you!
* * * LOW HITPOINT WARNING * * *
The orc wizard hits you but does no damage.
The water moccasin bites you but does no damage.
You are too confused!
Unknown command.
You are too confused!
Unknown command.
You bump into the rock wall.
The steam dragon breathes steam at you. The ball of steam hits you.
You die...

......#
#.........
#.........
!.........
.........
........#
##D.....##.
#hSS.......
###o........ .
##..o........
....#............
........)<.....#
.##.........#..#
###.......# .#
#............
###..........


You could see a steam dragon (very poisoned, catching breath), a water moccasin
(poisoned), an orc priest, an orc wizard (very poisoned) and an adder.

Vanquished Creatures
  Menkaure (D:4)
  A black bear (D:5)
  An ogre (D:5)
  2 centaurs (D:4)
  A gnoll sergeant (D:4)
  2 scorpions
  3 hounds
  4 orc priests
  A jelly (D:4)
  2 iguanas (D:4)
  2 orc wizards
  8 gnolls
  6 adders
  A white imp (D:5)
  2 dart slugs (D:3)
  2 ribbon worms (D:3)
  13 orcs
  A bat (D:2)
  5 endoplasms
  3 giant cockroaches
  6 goblins
  6 hobgoblins
  4 kobolds
  3 quokkas
  4 ball pythons
  2 frilled lizards
  5 rats
91 creatures vanquished.

Notes
Turn   | Place    | Note
-------+----------+-------------------------------------------
     0 | D:1      | cdecastro the Draconian Shapeshifter began the quest for
                  | the Orb.
     0 | D:1      | Reached XP level 1. HP: 16/16 MP: 1/1
   211 | D:1      | Found a faded altar of an unknown god.
   229 | D:1      | Prayed at the altar of an unknown god.
   229 | D:1      | Became a worshipper of Dithmenos the Shadowed
   229 | D:1      | Reached * piety under Dithmenos
   346 | D:1      | Reached XP level 2. HP: 23/23 MP: 2/2
   928 | D:2      | Reached XP level 3. HP: 29/29 MP: 3/3
  1453 | D:2      | Reached skill level 4 in Shapeshifting
  1791 | D:3      | Reached XP level 4. HP: 36/36 MP: 4/4
  1819 | D:3      | Reached skill level 1 in Long Blades
  1992 | D:3      | Found a glowing silver altar of Zin.
  2010 | D:3      | Reached ** piety under Dithmenos
  2032 | D:3      | Noticed a scorpion
  2052 | D:3      | Killed a scorpion
  2053 | D:3      | Reached skill level 5 in Shapeshifting
  2053 | D:3      | Reached XP level 5. HP: 39/41 MP: 5/5
  2512 | D:4      | Noticed Menkaure
  2775 | D:4      | Reached XP level 6. HP: 48/48 MP: 6/6
  2861 | D:4      | Killed Menkaure
  3066 | D:4      | Reached skill level 6 in Shapeshifting
  3318 | D:4      | Found an ornate altar of the Wu Jian Council.
  3413 | D:4      | Found a shimmering altar of Xom.
  3417 | D:4      | Found a shimmering altar of Xom.
  3509 | D:4      | Your scales start taking on a dull iron-grey colour.
  3509 | D:4      | Reached XP level 7. HP: 48/53 MP: 7/7
  3635 | D:4      | Found a sparkling altar of Nemelex Xobeh.
  3666 | D:5      | Entered Level 5 of the Dungeon
  3857 | D:5      | Reached skill level 7 in Shapeshifting
  3866 | D:5      | Found a sacrificial altar of Ru.
  4072 | D:5      | Reached XP level 8. HP: 62/63 MP: 8/8
  4145 | D:5      | Found an opulent altar of Gozag.
  4156 | D:5      | Found a burning altar of Makhleb.
  4461 | D:6      | HP: 2/63 [orc priest/divine providence (11)]
  4462 | D:6      | Killed from afar by a steam dragon

Illustrated notes

Levels and vault maps discovered:
D:1:      amcnicky_arrival_feature_with_door, layout_loops_ring,
          dreamdust_ecumenical_altar_statues, minmay_curled_crystal
D:2:      layout_basic
D:3:      layout_basic, lemuel_tele_altar, serial_forest,
          infiniplex_forest_clump_long, infiniplex_forest_zigzag_1,
          infiniplex_forest_lined_room_2, infiniplex_forest_lined_2,
          infiniplex_forest_clump_C, infiniplex_forest_clump_C
D:4:      layout_cave_pods, xom_redecorated, nemelex_diamond_rough_becter,
          kennysheep_mini, serial_library_hellmonk_double_dead_end,
          minmay_manual_mares, uniq_menkaure
D:5:      layout_basic, mainiacjoe_overflow_boulevard,
          eat_drink_and_be_merry_uskayaw, mainiacjoe_overflow_big_doors
D:6:      layout_cave_pools, yredelemnul_altar_generic,
          minmay_temple_entry_offerings

Skill      XL: |  1  2  3  4  5  6  7 |
---------------+----------------------+-----
Shapeshifting  | 4 5 6 7 |  7.9
Long Blades    | 2 3 4 |  4.2
Fighting       | 3 |  3.5
Dodging        | |  1.7
Unarmed Combat | |  3.2

Action                     |  1- 3 |  4- 6 |  7- 9 || total
---------------------------+-------+-------+-------++-------
  Melee: Unarmed           |    41 |       |       ||    41
         Tailslap          |     8 |    24 |    18 ||    50
         Dagger            |    58 |   118 |   125 ||   301
         Punch             |     1 |     5 |     6 ||    12
    Use: Potion            |       |       |     2 ||     2
 Armour: Skin              |    32 |    54 |   113 ||   199
  Dodge: Dodged            |    66 |    72 |    89 ||   227
